 Dungeon Crawl Stone Soup version 0.30-a0-989-g0d87f670db (webtiles) character file.

Game seed: 16295074783985068567

2280 ytrimaz the Carver (level 9, 0/46 (64) HPs)
             Began as a Formicid Fighter on Apr 2, 2023.
             Was a Believer of Okawaru.
             Slain by Joseph
             ... wielding a +6 quarterstaff of draining
              (7 damage)
             ... on level 7 of the Dungeon.
             The game lasted 00:07:04 (5959 turns).

ytrimaz the Carver (Formicid Fighter)               Turns: 5959, Time: 00:07:04

HP:   0/46 (64)     AC: 10    Str: 20    XL:     9   Next: 66%
MP:   9/9           EV:  9    Int:  9    God:    Okawaru [**....]
Gold: 258           SH: 10    Dex: 17    Spells: 8/8 levels left

rFire   . . .      SeeInvis +    a - +0 long sword
rCold   . . .      Faith    .    c - +0 buckler
rNeg    . . .      Spirit   .    b - +0 scale mail
rPois   .          Reflect  +    (helmet unavailable)
rElec   .          Rampage  .    h - +1 cloak
rCorr   .                        m - +0 pair of gloves
Will    .....                    (no boots) Stlth
                                 v - amulet of reflection
HPRegen 0.27/turn                (no ring)
MPRegen 0.11/turn                (no ring)

@: very heavily drained, invisible
A: permanent stasis, dig shafts and tunnels, antennae 3, four strong arms
a: Dig, Shaft Self, Renounce Religion, Heroism


You were on level 7 of the Dungeon.
You worshipped Okawaru.
Okawaru was pleased with you.
You visited 1 branch of the dungeon, and saw 7 of its levels.

You collected 258 gold pieces.


Innate Abilities, Weirdness & Mutations

You cannot be hasted, slowed, berserked, paralysed or teleported.
You can dig through walls and to a lower floor.
You have a pair of large antennae on your head. (SInv)
Your four strong arms can wield two-handed weapons with a shield.


   Skills:
 - Level 3.2 Fighting
 + Level 12.3 Long Blades
 - Level 3.2 Armour
 - Level 4.0 Shields


You had 8 spell levels left.
You didn't know any spells.
Your spell library contained the following spells:

 Spells                   Type           Power      Damage    Failure   Level
 Beastly Appendage        Tmut           0%         N/A       80%         1
 Wereblood                Tmut           0%         N/A       91%         2
 Hailstorm                Conj/Ice       0%         3d3       99%         3
 Ignite Poison            Fire/Tmut/Pois 0%         N/A       99%         3
 Kindle Blastsparks       Fire/Tloc/Air  0%         2d10      99%         3
 Spider Form              Tmut/Pois      0%         N/A       99%         3
 Ice Form                 Ice/Tmut       0%         N/A       100%        4
 Freezing Cloud           Conj/Ice/Air   0%         6-21      100%        5
 Simulacrum               Ice/Necr       Unusable   N/A       N/A         6

Inventory:

Hand Weapons
 a - a +0 long sword (weapon)
Missiles
 k - a throwing net
 t - 6 javelins
Armour
 b - a +0 scale mail (worn)
 c - a +0 buckler (worn)
 h - a +1 cloak (worn)
   (You found it on level 1 of the Dungeon)
 m - a +0 pair of gloves (worn)
   (You found it on level 3 of the Dungeon)
Jewellery
 v - an amulet of reflection (around neck)
   (You found it on level 5 of the Dungeon)
Wands
 s - a wand of charming (4)
   (You found it on level 3 of the Dungeon)
Scrolls
 n - 2 scrolls of enchant armour
 q - a scroll of torment
Potions
 d - a potion of flight {unknown}
 f - a potion of degeneration {unknown}
 g - 2 potions of attraction {unknown}
 j - a potion of haste {unknown}
 l - 2 potions of brilliance
 o - 5 potions of mutation
 p - a potion of resistance {unknown}
 r - 3 potions of curing

Dungeon Overview and Level Annotations

Branches:
Dungeon (7/15) Zot: 26670  Temple (0/1) D:7

Altars:
Cheibriados
Fedhas
Okawaru
Uskayaw
Vehumet
Xom

Shops:
D:1 *   D:2 =

Annotations:
D:7 Joseph

#....#####.####.##.# #....#
##.....>..# #....#
##<##.##.#######. #.#†##
#.##.#.#........ #....#
#.#..##.######## +....#
#####.#.###.# #.<..#
#...........########
+....###.###.......##.....#
#........##...@@.#.##.....#
#.............#..#..........#
...........###...#...##.....#
.###...###.....#####.##.....#
. #...# #####..<#...########
#...# ###.#.### #...# #...#
##.## ##.## #.#


You could see Joseph (unable to see you).


Message History

You sense an unholy aura.
You block Joseph's attack.
You slash Joseph! You block Joseph's attack.
Unknown command.
You barely miss Joseph. Joseph completely misses you.
Unknown command.
You hit Joseph but do no damage.
Joseph hits you with a +6 quarterstaff of draining.
You feel drained. 😕 HP[-9]
You now have 58 max hp (-1).
You take 9 damage, and now have 50/58 hp.
You closely miss Joseph. You closely miss Joseph. Joseph barely misses you.
Unknown command.
You hit Joseph. You block Joseph's attack.
You slash Joseph!
You block Joseph's attack. 😕 HP[+1] Unknown command.
You hit Joseph. You block Joseph's attack.
Unknown command.
You closely miss Joseph. You hit Joseph. You block Joseph's attack.
Unknown command.
You hit Joseph. You block Joseph's attack.
You slash Joseph!
You block Joseph's attack. 😕 HP[+1] Unknown command.
You closely miss Joseph.
Joseph hits you with a +6 quarterstaff of draining!
You feel drained. 😮 HP[-16]
You now have 56 max hp (-2).
You take 16 damage, and now have 36/56 hp.
MASSIVE DAMAGE!! (PAUSE)
You barely miss Joseph. You slash Joseph!
Joseph hits you with a +6 quarterstaff of draining!
* * * LOW HITPOINT WARNING * * *
You feel drained.
* * * LOW HITPOINT WARNING * * *
😨 HP[-12]
You now have 54 max hp (-2).
You take 12 damage, and now have 24/54 hp.
MASSIVE DAMAGE!! (PAUSE)
You closely miss Joseph.
Joseph hits you with a +6 quarterstaff of draining!
* * * LOW HITPOINT WARNING * * *
You feel drained.
* * * LOW HITPOINT WARNING * * *
😱 HP[-18]
You now have 52 max hp (-2).
You take 18 damage, and now have 6/52 hp.
MASSIVE DAMAGE!! (PAUSE)
You feel much better. You block Joseph's attack. 😮 HP[+22]
You regained 22 hp, and now have 28/52 hp.
You fade into invisibility!
Joseph hits you with a +6 quarterstaff of draining!
* * * LOW HITPOINT WARNING * * *
You feel drained.
* * * LOW HITPOINT WARNING * * *
😨 HP[-13]
You now have 50 max hp (-2).
You take 13 damage, and now have 15/50 hp.
MASSIVE DAMAGE!! (PAUSE) Unknown command.
You closely miss Joseph. Joseph hits you but does no damage.
You feel drained.
You now have 49 max hp (-1).
You closely miss Joseph. 😨 HP[+1] Unknown command.
You catch the helpless Joseph completely off-guard!
You hit Joseph. Joseph closely misses you.
Unknown command.
You barely miss Joseph. You block Joseph's attack.
Unknown command.
You closely miss Joseph. Joseph closely misses you.
Unknown command.
You strike the helpless Joseph from behind!
You hit Joseph but do no damage. 😨 HP[+1] Unknown command.
Joseph barely misses you.
Unknown command.
You catch the helpless Joseph completely off-guard!
You hit Joseph but do no damage.
Unknown command.
Unknown command.
Joseph hits you with a +6 quarterstaff of draining!
* * * LOW HITPOINT WARNING * * *
You feel drained.
* * * LOW HITPOINT WARNING * * *
😱 HP[-16]
You now have 46 max hp (-3).
You take 16 damage, and now have 1/46 hp.
MASSIVE DAMAGE!! (PAUSE)
You feel better.
Joseph hits you with a +6 quarterstaff of draining!
You die...

Skill      XL: |  1  2  3  4  5  6  7  8  9 |
---------------+----------------------------+-----
Long Blades    | 4 5 7 8 10 12 | 12.3
Fighting       | |  3.2
Armour         | |  3.2
Shields        | |  4.0

Action                     |  1- 3 |  4- 6 |  7- 9 || total
---------------------------+-------+-------+-------++-------
  Melee: Long sword        |    54 |   115 |   308 ||   477
Ability: Dig               |       |       |     2 ||     2
    Use: Scroll            |     1 |     4 |     6 ||    11
         Potion            |       |     1 |     6 ||     7
   Stab: Invisible         |       |       |     5 ||     5
 Armour: Scale mail        |    25 |    55 |   105 ||   185
  Dodge: Dodged            |    19 |    54 |   104 ||   177
  Block: Buckler           |    15 |    24 |   105 ||   144
         Reflection        |       |       |     3 ||     3

Levels and vault maps discovered:
D:1:      wander_arrival_estate, layout_basic, serial_shops, shop,
          dreamdust_ecumenical_altar_angels_and_demons, grunt_decor_cap
D:2:      layout_basic, serial_shops, shop_fountains
D:3:      layout_rooms
D:4:      layout_basic, nicolae_overflow_two_pavilions, hex_intersection
D:5:      layout_basic, mainiacjoe_overflow_chevrons, okawaru_trees_1,
          slow_altar_1
D:6:      minmay_angry_zag, layout_basic, old_standard_altar, minivault_24,
          uniq_edmund, uniq_pikel
D:7:      minmay_the_grid_triangle_9x9_rhombus_thin
          [minmay_the_grid_triangle_9x9_stretched_checkered,
          minmay_the_grid_triangle_9x9_prize_insulated,
          minmay_the_grid_triangle_9x9_minimal,
          minmay_the_grid_triangle_9x9_warning], layout_loops_cross,
          overflow_temple_1_default, minmay_temple_entry_overgrown, uniq_joseph

Notes
Turn   | Place    | Note
-------+----------+-------------------------------------------
     0 | D:1      | ytrimaz the Formicid Fighter began the quest for the Orb.
     0 | D:1      | Reached XP level 1. HP: 18/18 MP: 1/1
     0 | D:1      | magus.rc [v1.9.6]
   180 | D:1      | Reached XP level 2. HP: 17/24 MP: 2/2
   356 | D:1      | Found Qilynots's General Store.
   420 | D:1      | Found a faded altar of an unknown god.
   707 | D:1      | Reached skill level 3 in Long Blades
   895 | D:2      | You pick up a book of Changes and begin reading...
   895 | D:2      | You add the spells Beastly Appendage, Wereblood and Spider
                  | Form to your library.
  1041 | D:2      | Noticed a phantom
  1055 | D:2      | HP: 5/24 [phantom (4)]
  1056 | D:2      | Killed a phantom
  1057 | D:2      | Reached skill level 4 in Long Blades
  1057 | D:2      | Reached XP level 3. HP: 7/29 MP: 3/3
  1057 | D:2      | Reached XP level 4. HP: 8/35 MP: 4/4
  1305 | D:2      | Found Uzaitek's Jewellery Shop.
  1335 | D:2      | Reached XP level 5. HP: 32/41 MP: 5/5
  1649 | D:2      | You add the spells Kindle Blastsparks, Ignite Poison and
                  | Freezing Cloud to your library.
  2106 | D:3      | Reached skill level 5 in Long Blades
  2576 | D:4      | Noticed an ogre
  2583 | D:3      | Killed an ogre
  2584 | D:3      | Reached XP level 6. HP: 16/47 MP: 6/6
  2591 | D:4      | Reached skill level 6 in Long Blades
  2883 | D:4      | You pick up a book of the Tundra and begin reading...
  2883 | D:4      | You add the spells Hailstorm, Ice Form and Simulacrum to
                  | your library.
  2938 | D:4      | Reached skill level 7 in Long Blades
  2938 | D:4      | Reached XP level 7. HP: 51/52 MP: 7/7
  3169 | D:4      | Found a radiant altar of Vehumet.
  3169 | D:4      | Found a shimmering altar of Xom.
  3559 | D:5      | Entered Level 5 of the Dungeon
  3688 | D:5      | Reached skill level 8 in Long Blades
  3743 | D:5      | Found a snail-covered altar of Cheibriados.
  3871 | D:5      | Found a blossoming altar of Fedhas.
  3897 | D:5      | Found an iron altar of Okawaru.
  3902 | D:5      | Reached XP level 8. HP: 58/58 MP: 8/8
  3930 | D:5      | Became a worshipper of Warmaster Okawaru
  3948 | D:5      | Reached skill level 9 in Long Blades
  4499 | D:6      | Reached skill level 10 in Long Blades
  4632 | D:6      | Found a hide-covered altar of Uskayaw.
  4682 | D:6      | Reached * piety under Okawaru
  5057 | D:6      | Reached XP level 9. HP: 54/56 MP: 9/9
  5161 | D:6      | Noticed Pikel
  5213 | D:6      | Killed Pikel
  5214 | D:6      | Reached skill level 11 in Long Blades
  5388 | D:6      | Noticed Edmund
  5402 | D:6      | Killed Edmund
  5403 | D:6      | Reached skill level 12 in Long Blades
  5534 | D:6      | Reached ** piety under Okawaru
  5701 | D:7      | Found a staircase to the Ecumenical Temple.
  5714 | D:7      | Noticed Joseph
  5946 | D:7      | HP: 8/54 [Joseph/+6 quarterstaff of draining (17)]
  5958 | D:7      | HP: 2/49 [Joseph/+6 quarterstaff of draining (16)]
  5959 | D:7      | Slain by Joseph

Vanquished Creatures
  Pikel (D:6)
  Edmund (D:6)
  A water moccasin (D:6)
  A sky beast (D:6)
  4 ice beasts
  An ogre (D:3)
  A centaur (D:6)
  2 phantoms
  A bullfrog (D:7)
  4 scorpions
  A howler monkey (D:4)
  2 jellies
  5 hounds (D:5)
  An iron imp (D:5)
  A gnoll bouda (D:6)
  4 iguanas
  5 gnolls (D:6)
  3 adders
  A shadow imp (D:7)
  A white imp (D:6)
  2 ufetubi
  3 worms
  2 dart slugs
  6 orcs (D:5)
  6 endoplasms
  2 giant cockroaches
  4 hobgoblins (D:3)
  2 jackals (D:1)
  2 quokkas
  6 ball pythons
  3 bats (D:2)
  2 frilled lizards
  6 goblins
  5 kobolds
  5 rats
97 creatures vanquished.

Table legend:
 A = Non-vault XP
 B = Vault XP
 C = Vault XP percentage of total XP
 D = Non-vault monster count
 E = Vault monster count
 F = Vault count percentage of total count
                 A         B        C        D         E       F
            +---------+---------+-------+---------+---------+-------
      Total |    2330 |     928 |  28.5 |      92 |       5 |   5.2
            +---------+---------+-------+---------+---------+-------
        D:1 |      19 |       0 |   0.0 |      12 |       0 |   0.0
        D:2 |     128 |       0 |   0.0 |      14 |       0 |   0.0
        D:3 |     156 |       0 |   0.0 |      17 |       0 |   0.0
        D:4 |     366 |       0 |   0.0 |      14 |       0 |   0.0
        D:5 |     796 |      43 |   5.1 |      18 |       1 |   5.3
        D:6 |     760 |     885 |  53.8 |      15 |       4 |  21.1
        D:7 |     105 |       0 |   0.0 |       2 |       0 |   0.0
            +---------+---------+-------+---------+---------+-------

Illustrated notes

Table legend:
 A = Kills in this place as a percentage of kills in the entire game.
 B = Kills by you in this place as a percentage of kills by you in the entire game.
 C = Kills by friends in this place as a percentage of kills by friends in the entire game.
 D = Other kills in this place as a percentage of other kills in the entire game.
 E = Experience gained in this place as a percentage of experience gained in the entire game.
 F = Experience gained in this place divided by the number of levels of this place that you have seen.
                   A       B       C       D       E      F
               +-------+-------+-------+-------+-------+----------------------
         Total | 100.0 | 100.0 |   N/A |   N/A | 100.0 | 465.4
       Dungeon | 100.0 | 100.0 |   N/A |   N/A | 100.0 | 465.4
               +-------+-------+-------+-------+-------+----------------------

Table legend: (Time is in decaauts)
 A = Elapsed time spent in this place.
 B = Non-inter-level travel time spent in this place.
 C = Inter-level travel time spent in this place.
 D = Time resting spent in this place.
 E = Time spent auto-exploring this place.
 F = Levels seen in this place.
 G = Mean time per level.
                   A        B        C        D        E       F      G
               +--------+--------+--------+--------+--------+-----+--------+
         Total |   5976 |   5867 |    109 |    471 |   4306 |   7 |  853.7 |
       Dungeon |   5976 |   5867 |    109 |    471 |   4306 |   7 |  853.7 |
               +--------+--------+--------+--------+--------+-----+--------+

Top non-repeatable levels by time:
     D:6: 1375 daAuts
     D:2: 1036 daAuts
     D:4: 978 daAuts
     D:1: 892 daAuts
     D:5: 873 daAuts
     D:3: 689 daAuts
     D:7: 130 daAuts
